 Dungeon Crawl Stone Soup version 0.19.4-8-ga85b6b9 (webtiles) character file.

6228 Mefis the Thaumaturge (level 10, -4/53 HPs)
             Began as a Deep Elf Wizard on Feb 13, 2017.
             Was a Priest of Sif Muna.
             Slain by a troll (12 damage)
             ... on level 9 of the Dungeon.
             The game lasted 00:33:43 (13834 turns).

Mefis the Thaumaturge (Deep Elf Wizard)            Turns: 13834, Time: 00:33:45

Health: -4/53      AC:  5    Str:  9    XL:     10   Next: 61%
Magic:  6/26       EV: 15    Int: 27    God:    Sif Muna [***...]
Gold:   447        SH:  0    Dex: 13    Spells: 10 memorised, 1 level left

rFire  + + .     SeeInvis .     a - +11 trident of Focus {pierce, rElec Str+5}
rCold  x . .     Gourm    +     N - +2 robe {MR+}
rNeg   . . .     Faith    .     (no shield)
rPois  .         Spirit   .     B - +0 hat
rElec  +         Reflect  .     (no cloak)
rCorr  .         Harm     .     j - +0 pair of gloves
MR     ++...                    (no boots)
Stlth  +++.......               x - amulet of the gourmand (curse)
                                L - ring of fire
                                A - ring of protection from fire

@: divine energy
A: no striking features
a: Stop Divine Energy, Channel Magic, Renounce Religion


You were on level 9 of the Dungeon.
You worshipped Sif Muna.
Sif Muna was most pleased with you.
You were full.

You visited 2 branches of the dungeon, and saw 10 of its levels.
You also visited: Sewer.

You collected 447 gold pieces.

Inventory:

Hand Weapons
 a - the +11 trident of Focus (weapon) {pierce, rElec Str+5}
   (You found it on level 4 of the Dungeon)

   It inflicts extra damage upon your enemies.
   It affects your strength (+5).
   It insulates you from electricity.
 b - a +0 hunting sling
 h - a +0 club
 p - a +0 spear of pain
 t - a +1 dagger of holy wrath
 U - a +2 spear of freezing
Missiles
 e - 74 sling bullets
 Y - 7 curare-tipped needles
Armour
 j - a +0 pair of gloves (worn)
 B - a +0 hat (worn)
 D - a +0 robe
 N - a +2 robe of magic resistance (worn)
Jewellery
 x - a cursed amulet of the gourmand (around neck)
 A - a ring of protection from fire (left hand)
 L - a ring of fire (right hand)
 O - an uncursed ring of ice
 V - an uncursed ring of stealth {unknown}
 W - a cursed ring of loudness {unknown}
Wands
 K - a wand of random effects (8/48)
 M - a wand of flame (15/48)
 Q - a wand of lightning (3/15)
 R - a wand of flame (40/48)
 S - a wand of acid (10/15)
 T - a wand of disintegration (4/24)
Scrolls
 m - 3 scrolls of fog
 q - 2 scrolls of amnesia {unknown}
 r - a scroll of blinking {unknown}
 s - 2 scrolls of fear
 v - 3 scrolls of remove curse {unknown}
 y - a scroll of magic mapping {unknown}
 C - 11 scrolls of teleportation {unknown}
 E - a scroll of recharging {unknown}
 F - a scroll of immolation {unknown}
 J - 2 scrolls of noise {unknown}
Potions
 g - 2 potions of might
 i - a potion of lignification {unknown}
 l - a potion of mutation {unknown}
 o - 4 potions of curing {unknown}
 u - 2 potions of heal wounds {unknown}
 w - a potion of haste {unknown}
 z - 2 potions of invisibility {unknown}
Books
 c - a book of Minor Magic

   Spells                             Type                      Level
   a - Magic Dart                     Conjuration                  1
   b - Blink                          Translocation                2
   c - Call Imp                       Summoning                    2
   d - Repel Missiles                 Charms/Air                   2
   e - Slow                           Hexes                        2
   f - Conjure Flame                  Conjuration/Fire             3
   g - Mephitic Cloud                 Conjuration/Poison/Air       3
 n - a book of the Tempests

   Spells                             Type                      Level
   a - Static Discharge               Conjuration/Air              3
   b - Lightning Bolt                 Conjuration/Air              5
   c - Fireball                       Conjuration/Fire             5
   d - Tornado                        Air                          9
   e - Shatter                        Earth                        9
 G - a book of Misfortune

   Spells                             Type                      Level
   a - Confusing Touch                Hexes                        1
   b - Confuse                        Hexes                        3
   c - Gell's Gravitas                Hexes/Translocation          3
   d - Petrify                        Transmutation/Earth          4
   e - Metabolic Englaciation         Hexes/Ice                    5
   f - Yara's Violent Unravelling     Hexes/Transmutation          5
 H - a book of Maledictions

   Spells                             Type                      Level
   a - Corona                         Hexes                        1
   b - Ensorcelled Hibernation        Hexes/Ice                    2
   c - Confuse                        Hexes                        3
   d - Tukima's Dance                 Hexes                        3
   e - Dazzling Spray                 Conjuration/Hexes            3
 Z - a book of Cantrips

   Spells                             Type                      Level
   a - Confusing Touch                Hexes                        1
   b - Animate Skeleton               Necromancy                   1
   c - Summon Small Mammal            Summoning                    1
   d - Apportation                    Translocation                1
Comestibles
 d - 6 bread rations
 f - 4 fruits
 k - 3 meat rations
 I - 2 beef jerkies
 P - a slice of pizza


   Skills:
 - Level 1.9 Fighting
 - Level 1.4 Polearms
 + Level 6.3 Dodging
 - Level 5.2 Stealth
 + Level 10.2 Spellcasting
 + Level 6.9 Conjurations
 + Level 6.4 Hexes
 + Level 3.1 Charms
 - Level 1.1 Summonings
 - Level 1.1 Translocations
 + Level 1.4 Ice Magic
 * Level 7.5 Air Magic
 - Level 3.7 Poison Magic
 + Level 2.8 Invocations
 + Level 2.9 Evocations


You had one spell level left.
You knew the following spells:

 Your Spells              Type           Power        Failure   Level  Hunger
a - Magic Dart            Conj           ####         1%          1    None
b - Call Imp              Summ           ###.....     4%          2    None
c - Blink                 Tloc           N/A          4%          2    None
d - Static Discharge      Conj/Air       ######..     1%          3    None
e - Mephitic Cloud        Conj/Pois/Air  #####...     1%          3    None
f - Conjure Flame         Conj/Fire      #####...     2%          3    None
g - Slow                  Hex            #####...     1%          2    None
p - Repel Missiles        Chrm/Air       #####.       1%          2    None
s - Lightning Bolt        Conj/Air       ######....   8%          5    ####...
w - Metabolic Englaciati  Hex/Ice        #####.....   24%         5    ####...


Dungeon Overview and Level Annotations

Branches:
Dungeon (9/15)             Temple (1/1) D:4
   Lair: D:8-11         Orc: D:9-12

Altars:
Ashenzari
Cheibriados
Dithmenos
Elyvilon
Fedhas
Gozag
Kikubaaqudgha
Makhleb
Nemelex Xobeh
Okawaru
Qazlal
Ru
Sif Muna
Trog
Uskayaw
Vehumet
Xom
Yredelemnul
Zin
The Shining One
Lugonu

Shops:
D:7 :

Annotations:
D:4 Xiguana's ghost, amateur DrCK
D:5 exclusion: oklob plant
D:9 exclusion: orange crystal statue


Message History

The bolt of lightning misses the troll.
The troll bites you! The troll completely misses you.
The troll closely misses you.
Casting: Lightning Bolt
Confirm with . or Enter, or press ? or * to list all spells.
The troll is struck by lightning.
The troll is heavily wounded.
The lightning arcs!
You are struck by lightning.
You resist.
The lightning arcs!
The troll is struck by lightning.
The troll is severely wounded.
The lightning grounds out.
The troll bites you! The troll claws you! The troll completely misses you.
Unknown command.
Casting: Static Discharge
Confirm with . or Enter, or press ? or * to list all spells.
The troll is struck by lightning.
The troll is almost dead.
The lightning grounds out.
The troll bites you!
* * * LOW HITPOINT WARNING * * *
The troll claws you but does no damage. The troll claws you!
You die...

#.## ... ########.#
.......#.#
########......#########
#......................
#............##########
##.......(.####
######## ......T@..##
#....... ##.......##
######.# #######.# #.#
#.$ #.# ###. #.# #. #.#
#. #.. ## ###


You could see a troll.

Vanquished Creatures
  The ghost of Squonk the Insei, a novice DsTm of Cheibriados (D:9)
  The ghost of Faldahar the Cleaver, a novice MiBe of Trog (D:6)
  Sigmund (D:4)
  A hungry ghost (D:8)
  3 water moccasins
  3 ice beasts
  3 orc warriors
  2 sky beasts (D:9)
  Duvessa (D:5)
  2 phantoms
  3 black bears
  4 ogres
  2 centaurs (D:5)
  3 crocodiles
  A big kobold (D:8)
  7 bullfrogs
  2 gnoll sergeants
  A wyvern zombie (D:7)
  Dowan (D:5)
  7 scorpions
  3 howler monkeys
  2 crimson imps
  A quasit (D:7)
  2 centaur skeletons
  6 orc priests
  5 hounds
  5 orc wizards
  A bullfrog skeleton (D:4)
  Natasha (thrice) (D:2)
  4 iguanas
  7 worker ants
  A killer bee zombie (D:8)
  A hound skeleton (D:8)
  A worker ant zombie (D:7)
  11 gnolls
  13 adders
  2 adder zombies
  4 adder skeletons
  2 worms
  3 dart slugs
  4 leopard geckos
  29 orcs
  3 giant cockroaches
  7 goblins
  4 hobgoblins
  9 jackals
  4 quokkas
  2 ball pythons
  12 bats
  3 frilled lizards
  12 kobolds
  2 leopard gecko zombies
  2 quokka skeletons
  2 rats (D:1)
221 creatures vanquished.

Vanquished Creatures (collateral kills)
  Ijyb (D:2)
  2 gnolls (D:2)
  A giant cockroach (D:1)
  5 jackals
  2 kobolds (Sewer)
11 creatures vanquished.

Vanquished Creatures (others)
  A leopard gecko (D:8)
  12 toadstools (D:5)
13 creatures vanquished.

Grand Total: 245 creatures vanquished

Notes
Turn   | Place    | Note
-------+----------+-------------------------------------------
     0 | D:1      | Mefis the Deep Elf Wizard began the quest for the Orb.
     0 | D:1      | Reached XP level 1. HP: 10/10 MP: 7/7
   268 | D:1      | Reached XP level 2. HP: 15/15 MP: 6/9
   272 | D:1      | Learned a level 2 spell: Call Imp
   275 | D:1      | Learned a level 2 spell: Blink
   278 | D:1      | Learned a level 2 spell: Repel Missiles
  1159 | D:2      | Noticed Ijyb
  1250 | D:1      | Reached skill level 1 in Air Magic
  1307 | D:2      | Noticed Natasha
  1310 | D:2      | Reached XP level 3. HP: 19/19 MP: 7/11
  1319 | D:1      | Learned a level 3 spell: Mephitic Cloud
  1846 | D:2      | Reached skill level 5 in Spellcasting
  1846 | D:2      | Reached skill level 1 in Poison Magic
  2024 | D:2      | Killed Natasha
  2024 | D:2      | Reached XP level 4. HP: 24/24 MP: 3/13
  2029 | D:2      | Learned a level 3 spell: Conjure Flame
  2121 | D:2      | Noticed Natasha
  2131 | D:2      | Killed Natasha
  2323 | D:2      | Noticed Natasha
  2332 | D:2      | Killed Natasha
  2332 | D:2      | Reached XP level 5. HP: 28/28 MP: 1/15
  2476 | D:2      | Found a glowing silver altar of Zin.
  2477 | D:2      | Found a blossoming altar of Fedhas.
  2485 | D:2      | Found a sacrificial altar of Ru.
  2485 | D:2      | Found a stormy altar of Qazlal.
  2485 | D:2      | Found a shimmering altar of Xom.
  2487 | D:2      | Found a glowing golden altar of the Shining One.
  2519 | D:2      | Found an opulent altar of Gozag.
  2697 | D:2      | Killed Ijyb
  3239 | D:3      | Found a glowing drain.
  3247 | Sewer    | Entered a sewer
  3392 | Sewer    | Noticed a crocodile
  3417 | Sewer    | Killed a crocodile
  4208 | D:3      | Reached XP level 6. HP: 30/32 MP: 3/16
  4215 | D:3      | Learned a level 2 spell: Slow
  4582 | D:4      | Found a staircase to the Ecumenical Temple.
  4590 | Temple   | Entered the Ecumenical Temple
  4809 | D:4      | Got a scorched trident
  4810 | D:4      | Identified the +11 trident of Focus {pierce, rElec Str+5} (You found it on level 4 of the Dungeon)
  4949 | D:4      | Noticed Xiguana's ghost (amateur DrCK)
  5353 | D:4      | Reached skill level 6 in Spellcasting
  5603 | D:4      | Reached skill level 1 in Hexes
  5714 | D:4      | Reached XP level 7. HP: 34/36 MP: 11/18
  5747 | D:4      | Learned a level 3 spell: Static Discharge
  5773 | D:4      | Noticed Sigmund
  5837 | D:4      | Killed Sigmund
  5998 | Temple   | Became a worshipper of Sif Muna the Loreminder
  6064 | D:5      | Entered Level 5 of the Dungeon
  6263 | D:5      | Noticed Duvessa
  6263 | D:5      | Noticed Dowan
  6271 | D:5      | Killed Duvessa
  6271 | D:5      | Reached skill level 7 in Spellcasting
  6277 | D:5      | Killed Dowan
  6498 | D:5      | Reached XP level 8. HP: 42/42 MP: 14/21
  6560 | D:5      | Reached skill level 5 in Stealth
  6955 | D:5      | Found a blossoming altar of Fedhas.
  6977 | D:5      | Noticed an oklob plant
  7086 | D:5      | Reached skill level 1 in Fighting
  7622 | D:5      | Reached skill level 1 in Polearms
  7783 | D:6      | Reached * piety under Sif Muna
  7837 | D:6      | Reached skill level 8 in Spellcasting
  8091 | D:6      | Noticed Faldahar's ghost (novice MiBe)
  8386 | D:6      | Reached skill level 5 in Air Magic
  8865 | D:6      | Reached XP level 9. HP: 48/48 MP: 19/23
  8872 | D:6      | Learned a level 5 spell: Lightning Bolt
  8965 | D:6      | Killed Faldahar's ghost
  8965 | D:6      | Reached ** piety under Sif Muna
  8965 | D:6      | Reached skill level 5 in Dodging
  8965 | D:6      | Reached skill level 9 in Spellcasting
  8965 | D:6      | Reached skill level 5 in Conjurations
  9737 | D:7      | Reached skill level 5 in Hexes
 10356 | D:7      | Reached skill level 1 in Invocations
 10680 | D:7      | Found Vydis's Book Boutique.
 10685 | D:7      | Reached skill level 1 in Charms
 10685 | D:7      | Reached skill level 1 in Evocations
 10759 | D:7      | Reached XP level 10. HP: 53/53 MP: 8/25
 12125 | D:8      | Found a white marble altar of Elyvilon.
 12230 | D:8      | Found a basalt altar of Yredelemnul.
 12312 | D:8      | Reached *** piety under Sif Muna
 12884 | D:8      | Learned a level 5 spell: Metabolic Englaciation
 13389 | D:9      | Reached skill level 10 in Spellcasting
 13508 | D:9      | Noticed an orange crystal statue
 13557 | D:9      | Noticed Squonk's ghost (novice DsTm)
 13580 | D:9      | Killed Squonk's ghost
 13580 | D:9      | Reached skill level 1 in Ice Magic
 13834 | D:9      | Slain by a troll

Skill      XL: |  1  2  3  4  5  6  7  8  9 10 |
---------------+-------------------------------+-----
Stealth        | 3 4 5 |  5.2
Air Magic      | 1 2 3 5 6 7 |  7.5
Spellcasting   | 5 6 7 8 9 10 | 10.2
Poison Magic   | 1 2 3 |  3.7
Dodging        | 3 4 5 6 |  6.3
Conjurations   | 2 3 4 6 |  6.9
Hexes          | 1 2 3 5 6 |  6.4
Fighting       | 1 |  1.9
Polearms       | 1 |  1.4
Invocations    | 1 2 |  2.8
Charms         | 1 3 |  3.1
Evocations     | 1 2 |  2.9
Ice Magic      | 1 |  1.4
Summonings     | |  1.1
Translocations | |  1.1

Action                   |  1- 3 |  4- 6 |  7- 9 | 10-12 || total
-------------------------+-------+-------+-------+-------++-------
Melee: Club              |    16 |       |       |       ||    16
       Spear             |       |    15 |       |       ||    15
       Dagger            |       |     2 |       |       ||     2
       Trident           |       |    18 |    56 |    25 ||    99
 Cast: Magic Dart        |    75 |   148 |   191 |    84 ||   498
       Call Imp          |    10 |    16 |       |       ||    26
       Repel Missiles    |     2 |       |       |       ||     2
       Mephitic Cloud    |     3 |    10 |    15 |       ||    28
       Conjure Flame     |       |       |     5 |     2 ||     7
       Blink             |       |       |     4 |       ||     4
       Static Discharge  |       |       |    15 |    18 ||    33
       Lightning Bolt    |       |       |    22 |    34 ||    56
Invok: Divine Energy     |       |       |     1 |     1 ||     2
       Stop Divine Energ |       |       |     1 |       ||     1
  Use: Scroll            |       |       |     3 |       ||     3
       Potion            |       |       |     1 |       ||     1
 Stab: Confused          |     5 |     4 |     3 |       ||    12
       Sleeping          |       |     3 |     2 |       ||     5
       Distracted        |       |       |     1 |     1 ||     2
  Eat: Chunk             |     2 |    14 |    21 |    17 ||    54
Armor: Robe              |     1 |     6 |    11 |    11 ||    29
Dodge: Dodged            |    15 |    46 |    43 |    34 ||   138
       Deflected         |     1 |     2 |     1 |       ||     4
